 Dungeon Crawl Stone Soup version 0.21.1-1-g345015f (webtiles) character file.

129 Kairos the Shield-Bearer (level 5, -1/28 HPs)
             Began as a Vine Stalker Fighter on Apr 27, 2018.
             Slain by an orc warrior
             ... wielding a +0 mace
              (8 damage)
             ... on level 2 of the Dungeon.
             The game lasted 00:01:56 (1603 turns).

Kairos the Shield-Bearer (Vine Stalker Fighter)     Turns: 1603, Time: 00:01:57

Health: -1/28      AC:  7    Str: 19    XL:     5   Next: 12%
Magic:  0/6        EV:  7    Int:  8    God:
Gold:   92         SH:  9    Dex: 14    Spells: 4/4 levels left

rFire    . . .     SeeInvis .   a - +0 war axe
rCold    . . .     Gourm    .   c - +0 shield
rNeg     . . .     Faith    .   b - +0 scale mail
rPois    .         Spirit   +   l - +0 helmet
rElec    .         Reflect  .   (no cloak)
rCorr    .         Harm     .   (no gloves)
MR       .....                  (no boots)
Stlth    ..........             (no amulet)
HPRegen  0.49/turn              (no ring)
MPRegen  0.10/turn              (no ring)

@: no status effects
A: fangs 2, regeneration 1, magic shield, antimagic bite, no potion heal 3, rot
immunity
a: no special abilities


You were on level 2 of the Dungeon.
You were near starving.

You visited 1 branch of the dungeon, and saw 3 of its levels.

You collected 92 gold pieces.

Inventory:

Hand Weapons
 a - a +0 war axe (weapon)
Armour
 b - a +0 scale mail (worn)
 c - a +0 shield (worn)
 l - a +0 helmet (worn)
Scrolls
 h - a scroll of fog {unknown}
 k - 4 scrolls of identify {unknown}
 n - a scroll of immolation {unknown}
 o - a scroll of random uselessness {unknown}
Potions
 d - a potion of might
 e - 5 potions of curing {unknown}
 g - 2 potions of invisibility {unknown}
 i - a potion of cancellation {unknown}
 j - a potion of brilliance {unknown}
 m - a potion of agility {unknown}
Comestibles
 f - 2 rations


   Skills:
 + Level 3.1 Fighting
 + Level 3.1 Axes
 + Level 3.0 Armour
 + Level 0.5 Dodging
 + Level 3.3 Shields


You had 4 spell levels left.
You didn't know any spells.

Dungeon Overview and Level Annotations

Branches:
Dungeon (3/15)

Altars:
Cheibriados
Dithmenos
Kikubaaqudgha
Qazlal


Innate Abilities, Weirdness & Mutations

You have extremely sharp teeth.
Your natural rate of healing is unusually fast.
When hurt, damage is shared between your health and your magic reserves.
Your bite disrupts and absorbs the magic of your enemies.
Potions cannot restore your health.
You are immune to rotting.


Message History

The orc warrior is heavily wounded.
The orc warrior hits you with a mace!
Unknown command.
You hit the orc warrior.
You bite the orc warrior, but do no damage.
The orc warrior is severely wounded.
The orc warrior hits you with a mace!
Ouch! That really hurt!
* * * LOW HITPOINT WARNING * * *
You block the orc warrior's attack.
You are too injured to fight recklessly!
Unknown command.
You are too injured to fight recklessly!
Unknown command.
You are too injured to fight recklessly!
You barely miss the orc warrior.
You bite the orc warrior, but do no damage.
The orc warrior is severely wounded.
The orc warrior hits you with a mace!
You die...

###...### ##.#.###...#....
#.......# ###.###.#..#...###
#[......# #..## ##..###..# #
#.......########.#.###.#..#...###
###..............##.#.###..<.....
#...#########..###.......##.###
###############>..######.#.......
...............o#.#####.#.....###
.####..........)@........######
.# #...#######.########## .#
#...........# .# #..########## #
.# #..# ## .# #..# #.
.####..######### #.
...............# #.
.......#######.# ##


You could see an orc warrior.

Vanquished Creatures
  Jessica (D:2)
  Robin (D:2)
  An adder (D:3)
  An ooze (D:2)
  2 worms (D:2)
  A dart slug (D:3)
  2 leopard geckos
  An orc (D:2)
  A ball python (D:2)
  2 giant cockroaches
  11 goblins
  13 hobgoblins
  4 jackals (D:2)
  8 kobolds
  A quokka (D:2)
  3 bats
  4 frilled lizards
  5 rats
62 creatures vanquished.

Notes
Turn   | Place    | Note
-------+----------+-------------------------------------------
     0 | D:1      | Kairos the Vine Stalker Fighter began the quest for the Orb.
     0 | D:1      | Reached XP level 1. HP: 11/11 MP: 2/2
    43 | D:1      | Reached XP level 2. HP: 12/16 MP: 3/3
   351 | D:1      | Reached XP level 3. HP: 19/19 MP: 4/4
   606 | D:2      | Noticed Jessica
   606 | D:2      | Noticed Robin
   630 | D:2      | Gained mutation: Your natural rate of healing is unusually fast. [Vine Stalker growth]
   630 | D:2      | Reached XP level 4. HP: 5/24 MP: 2/5
   633 | D:2      | Killed Robin
   646 | D:2      | Killed Jessica
  1232 | D:3      | Reached XP level 5. HP: 23/28 MP: 6/6
  1431 | D:3      | Found a snail-covered altar of Cheibriados.
  1474 | D:3      | Found an ancient bone altar of Kikubaaqudgha.
  1474 | D:3      | Found a shadowy altar of Dithmenos.
  1479 | D:3      | Found a faded altar of an unknown god.
  1481 | D:3      | Found a stormy altar of Qazlal.
  1483 | D:3      | Found a faded altar of an unknown god.
  1548 | D:3      | Noticed an orc warrior
  1603 | D:2      | Slain by an orc warrior

Skill      XL: |  1  2  3  4 |
---------------+-------------+-----
Shields        | 3 |  3.3
Axes           | 2 3 |  3.1
Fighting       | 3 |  3.1
Armour         | 3 |  3.0
Dodging        | |  0.5

Action                   |  1- 3 |  4- 6 || total
-------------------------+-------+-------++-------
Melee: War axe           |    99 |    60 ||   159
       Bite              |    17 |    15 ||    32
  Eat: Chunk             |       |     1 ||     1
Armor: Scale mail        |    43 |    27 ||    70
Dodge: Dodged            |    47 |    20 ||    67
Block: Shield            |    57 |    34 ||    91
